 Dungeon Crawl Stone Soup version 0.19.5 (webtiles) character file.

66 vatarom the Gusty (level 4, 0/24 HPs)
             Began as a Tengu Air Elementalist on Mar 8, 2017.
             Slain by Grinder (2 damage)
             ... on level 3 of the Dungeon.
             The game lasted 00:05:03 (2229 turns).

vatarom the Gusty (Tengu Air Elementalist)          Turns: 2229, Time: 00:05:03

Health: 0/24       AC:  3    Str:  8    XL:     4   Next: 15%
Magic:  0/8        EV: 13    Int: 21    God:
Gold:   100        SH:  0    Dex: 15    Spells: 3 memorised, 2 levels left

rFire  . . .     SeeInvis +     f - +0 flail
rCold  . . .     Gourm    +     a - +0 robe
rNeg   . . .     Faith    .     (no shield)
rPois  .         Spirit   .     (helmet restricted)
rElec  .         Reflect  .     (no cloak)
rCorr  .         Harm     .     l - +0 pair of gloves
MR     .....                    (boots unavailable)
Stlth  ++........               m - amulet of the gourmand
                                (no ring)
                                h - ring of see invisible

@: brilliant
A: beak, talons 3
a: no special abilities


You were on level 3 of the Dungeon.
You were not hungry.

You visited 1 branch of the dungeon, and saw 3 of its levels.

You collected 100 gold pieces.

Inventory:

Hand Weapons
 e - a +2 dagger of pain
 f - a +0 flail (weapon)
Armour
 a - a +0 robe (worn)
 d - a +0 pair of gloves
 l - a +0 pair of gloves (worn)
Jewellery
 h - a ring of see invisible (left hand)
 m - an amulet of the gourmand (around neck)
Scrolls
 g - a scroll of magic mapping
 j - a scroll of identify {unknown}
Books
 b - a book of Air

   Spells                             Type                      Level
   a - Shock                          Conjuration/Air              1
   b - Swiftness                      Charms/Air                   2
   c - Repel Missiles                 Charms/Air                   2
   d - Static Discharge               Conjuration/Air              3
   e - Lightning Bolt                 Conjuration/Air              5
Comestibles
 c - 4 bread rations
 k - a slice of pizza


   Skills:
 - Level 2.1 Dodging
 - Level 2.0 Stealth
 - Level 2.0 Spellcasting
 - Level 1.3 Conjurations
 + Level 6.5 Air Magic


You had 2 spell levels left.
You knew the following spells:

 Your Spells              Type           Power        Failure   Level  Hunger
a - Shock                 Conj/Air       ####         1%          1    #......
b - Repel Missiles        Chrm/Air       ####..       1%          2    ##.....
c - Swiftness             Chrm/Air       ####....     1%          2    ##.....


Dungeon Overview and Level Annotations

Branches:
Dungeon (3/15)

Altars:

Annotations:
D:3 Grinder


Innate Abilities, Weirdness & Mutations

You have a beak for a mouth.
You have claws for feet.


Message History

You closely miss Grinder. Your kick misses Grinder. Your peck misses Grinder.
Grinder is heavily wounded.
Grinder hits you!
You writhe in agony.
It was a potion of brilliance.
You feel clever all of a sudden. Grinder hits you.
* * * LOW HITPOINT WARNING * * *
You writhe in agony.
* * * LOW HITPOINT WARNING * * *
You closely miss Grinder. You claw Grinder, but do no damage.
Grinder is heavily wounded.
Grinder completely misses you.
Casting: Shock
Confirm with . or Enter, or press ? or * to list all spells.
Aiming: Shock
Press: ? - help, Shift-Dir - straight line The zap hits Grinder.
Grinder is heavily wounded.
Grinder hits you.
You die...

##########
.........#
........# .......#
#......#
######......#
.......5....#
######@....#
.........#######
.....#.........#
..............<###
######.#.####..#..
#.#.......#.#
#.######.##.#
#........##.#
###.####.##.#


You could see Grinder.

Vanquished Creatures
  A worm (D:2)
  A dart slug (D:1)
  2 leopard geckos
  An orc (D:3)
  A giant cockroach (D:3)
  6 goblins
  7 hobgoblins
  8 jackals (D:1)
  7 kobolds
  2 quokkas (D:2)
  A ball python (D:1)
  4 bats
  8 frilled lizards
  3 rats
52 creatures vanquished.

Notes
Turn   | Place    | Note
-------+----------+-------------------------------------------
     0 | D:1      | vatarom the Tengu Air Elementalist began the quest for the Orb.
     0 | D:1      | Reached XP level 1. HP: 10/10 MP: 4/4
   127 | D:1      | Reached XP level 2. HP: 10/15 MP: 0/6
   467 | D:1      | Reached skill level 5 in Air Magic
   591 | D:1      | Learned a level 2 spell: Repel Missiles
   594 | D:1      | Learned a level 2 spell: Swiftness
   757 | D:1      | Reached XP level 3. HP: 19/19 MP: 3/7
  1547 | D:2      | Reached skill level 6 in Air Magic
  2000 | D:2      | Reached XP level 4. HP: 22/24 MP: 8/8
  2217 | D:3      | Noticed Grinder
  2229 | D:3      | Slain by Grinder

Skill      XL: |  1  2  3 |
---------------+----------+-----
Air Magic      | 5 6 |  6.5
Dodging        | |  2.1
Stealth        | |  2.0
Spellcasting   | |  2.0
Conjurations   | |  1.3

Action                   |  1- 3 |  4- 6 || total
-------------------------+-------+-------++-------
Melee: Unarmed           |     9 |       ||     9
       Peck              |    10 |       ||    10
       Dagger            |    44 |       ||    44
       Kick              |    11 |     1 ||    12
       Flail             |     3 |     3 ||     6
 Cast: Shock             |    61 |    16 ||    77
  Use: Scroll            |     4 |       ||     4
       Potion            |     1 |     1 ||     2
 Stab: Sleeping          |     2 |     1 ||     3
  Eat: Chunk             |     4 |     2 ||     6
       Pizza             |     1 |       ||     1
Armor: Robe              |    20 |       ||    20
Dodge: Dodged            |    58 |     1 ||    59
